 Dungeon Crawl Stone Soup version 0.23-a0-619-g281719c6f9 (webtiles) character file.

6 MirrMurr the Ducker (level 1, 0/11 HPs)
             Began as a Spriggan Berserker on Dec 23, 2018.
             Was a Follower of Trog.
             Splashed by a jelly's acid (4 damage)
             ... on level 1 of the Dungeon.
             The game lasted 00:00:58 (778 turns).

MirrMurr the Ducker (Spriggan Berserker)             Turns: 778, Time: 00:00:59

Health: 0/11       AC:  2    Str: 13    XL:     1   Next: 75%
Magic:  2/2        EV: 19    Int:  8    God:    Trog [*.....]
Gold:   30         SH:  0    Dex: 15    Spells: 0/0 levels left

rFire    . . .     SeeInvis +   a - +0 short sword
rCold    . . .     Gourm    .   (shield restricted)
rNeg     . . .     Faith    .   b - +0 animal skin
rPois    .         Spirit   .   (helmet restricted)
rElec    .         Reflect  .   (no cloak)
rCorr    .         Harm     .   (gloves unavailable)
MR       .....                  (boots unavailable)
Stlth    ++........             (no amulet)
HPRegen  0.03/turn              (no ring)
MPRegen  0.08/turn              (no ring)

@: very quick
A: very small, unfitting armour, see invisible, herbivore, speed 3, slow
metabolism 2
a: Berserk, Renounce Religion


You were on level 1 of the Dungeon.
You worshipped Trog.
Trog was aware of your devotion.
You were not hungry.

You visited 1 branch of the dungeon, and saw 2 of its levels.

You collected 30 gold pieces.

Inventory:

Hand Weapons
 a - a +0 short sword (weapon)
Missiles
 h - 15 sling bullets
Armour
 b - a +0 animal skin (worn)
Jewellery
 e - a cursed ring of attention {unknown}
Scrolls
 d - a scroll of remove curse {unknown}
 g - 2 scrolls of identify {unknown}
Potions
 f - 3 potions of lignification {unknown}
 i - a potion of might {unknown}
Comestibles
 c - 5 rations


   Skills:
 + Level 2.5 Fighting
 * Level 3.5 Short Blades
 + Level 4.5 Dodging
 + Level 0.8 Stealth


You couldn't memorise any spells.
You didn't know any spells.
Your spell library was empty.

Dungeon Overview and Level Annotations

Branches:
Dungeon (2/15)

Altars:


Innate Abilities, Weirdness & Mutations

You are very small and have problems with some larger weapons.
You are too small for most types of armour.
You have supernaturally acute eyesight. (SInv)
You are a herbivore.
You cover ground extremely quickly.
You need to consume almost no food.


Message History

There is a stone staircase leading up here.
A hobgoblin comes into view. It is wielding a +0 club.
Found a stone staircase leading up.
A rat comes into view.
There is a stone staircase leading up here.
You see here 3 gold pieces.
The jelly quivers.
You see here 3 gold pieces.
There is a stone staircase leading up here.
The jelly completely misses you.
You climb upwards.
There is a stone staircase leading down here.
You hit the jelly.
Your hands burn!
The jelly is moderately wounded.
The jelly hits you but does no damage.
You hit the jelly.
Your hands burn!
The jelly is heavily wounded.
The jelly barely misses you.
You hit the jelly.
Your hands burn!
You die...

#### ...# ##.# .#.# .#.# .#.#
.#.##############################
.#...............................
.########......J@..........######
.#### ##.###############.# #
.##.# #.#≈≈≈≈≈≈≈≈≈≈≈≈≈#.# .##.#
#.#≈PP≈≈♣P♣≈≈PP≈#.###### .##.#
###≈.P≈≈P.♣≈≈..≈#....#.. .##.##
#.#≈P.≈≈P.♣≈≈♣P≈##.#.... ###..#
#.#≈P♣≈≈♣P.≈≈.♣≈##.#...# .##..#
#.#≈♣♣≈≈♣.♣≈≈PP≈##...###
.##..#####.#≈♣P≈≈♣♣♣≈≈.P≈##..##


You could see a jelly.

Vanquished Creatures
  3 goblins (D:1)
  A kobold (D:1)
  A rat (D:1)
5 creatures vanquished.

Notes
Turn   | Place    | Note
-------+----------+-------------------------------------------
     0 | D:1      | MirrMurr the Spriggan Berserker began the quest for the
                  | Orb.
     0 | D:1      | Reached XP level 1. HP: 11/11 MP: 2/2
   763 | D:2      | Noticed a jelly
   778 | D:1      | Splashed by a jelly's acid

Vault maps used:
D:1:      lightli_arrival_farm, roderic_serpentine_path, dk_noncrumbling_3,
          hangedman_decor_growths
D:2:      minmay_inner_zag, nemelex_altar_shiori, dk_vineyard_1,
          minmay_pentomino_u4

Action                   || total
-------------------------++-------
Melee: Short sword       ||    15
 Stab: Distracted        ||     1
Armor: Animal skin       ||     3
Dodge: Dodged            ||     6

Table legend:
 A = Non-vault XP
 B = Vault XP
 C = Vault XP percentage of total XP
 D = Non-vault monster count
 E = Vault monster count
 F = Vault count percentage of total count
                 A         B        C        D         E       F
            +---------+---------+-------+---------+---------+-------
      Total |       9 |       0 |   0.0 |       5 |       0 |   0.0
            +---------+---------+-------+---------+---------+-------
        D:1 |       9 |       0 |   0.0 |       5 |       0 |   0.0
            +---------+---------+-------+---------+---------+-------
